 Dungeon Crawl Stone Soup version 0.31-a0-1204-ge2c1a860ed (webtiles) character file.

Game seed: 6964365487729600621

1708 jlumianski the Ruffian (level 9, -9/66 HPs)
             Began as a Gnoll Shapeshifter on Dec 13, 2023.
             Was a Believer of Wu Jian.
             Mangled by a +1 spectral quarterstaff (13 damage)
             ... created by Joseph
             ... on level 7 of the Dungeon.
             The game lasted 00:35:39 (5328 turns).

jlumianski the Ruffian (Gnoll Shapeshifter)         Turns: 5328, Time: 00:35:39

Health: -9/66      AC:  1    Str: 17    XL:     9   Next: 3%
Magic:  14/14      EV: 18    Int: 11    God:    Wu Jian [**....]
Gold:   184        SH:  0    Dex: 11    Spells: 13/15 levels left

rFire   . .          .
                       - Unarmed
rCold   . . .        (shield currently unavailable)
rNeg    . . .        (body armour currently unavailable)
rPois   .            x - +0 helmet
rElec   .            (no cloak)
rCorr   .            (no gloves)
SInv    +            (no boots)
Will    .....        (no amulet)
Stlth   +            f - ring of see invisible
HPRegen 0.31/turn    M - ring of wizardry
MPRegen 0.14/turn

%: wizardry (x1)
@: flux-form, glowing
A: glow, contaminating, fangs 1, strong nose, distributed training
a: Begin Untransformation, Renounce Religion, Wall Jump


You were on level 7 of the Dungeon.
You worshipped Wu Jian.
Wu Jian was pleased with you.
You were something dangerously unstable.
You visited 1 branch of the dungeon, and saw 7 of its levels.

You collected 184 gold pieces.

Inventory:

Hand Weapons
 n - a +0 scimitar
 H - a +2 spear of venom
 I - a +3 war axe
 J - a +1 dagger of protection
 O - a +0 orcbow
Missiles
 j - 2 throwing nets
 p - 7 javelins (quivered)
 q - 2 datura-tipped darts
 E - 8 poisoned darts
Armour
 a - a +0 animal skin
 e - a +0 plate armour
 k - a +0 leather armour
 m - a +0 buckler
 s - a +0 kite shield
 u - a +0 chain mail
 x - a +0 helmet (worn)
Jewellery
 f - a ring of see invisible (left hand)
 o - a ring of resist corrosion
 M - a ring of wizardry (right hand)
 N - a ring of willpower
Talismans
 c - a beast talisman
 d - a flux talisman (active)
Wands
 w - a wand of acid (13)
 F - a wand of charming (8)
 K - a wand of polymorph (12)
Scrolls
 g - 2 scrolls of teleportation
 h - 2 scrolls of revelation
 i - a scroll of enchant weapon
 l - a scroll of blinking
 r - a scroll of fog
 v - a scroll of vulnerability
 y - a scroll of enchant armour {unknown}
 A - a scroll of torment {unknown}
 B - a scroll of silence
 D - a scroll of brand weapon {unknown}
 L - a scroll of amnesia {unknown}
Potions
 b - 2 potions of lignification
 z - 2 potions of might
 C - a potion of cancellation
 G - a potion of attraction


   Skills:
 + Level 4.7 Fighting
 + Level 3.9 Short Blades
 + Level 3.9 Long Blades
 + Level 3.9 Axes
 + Level 3.9 Maces & Flails
 + Level 3.9 Polearms
 + Level 3.9 Staves
 + Level 3.9 Ranged Weapons
 + Level 3.9 Throwing
 + Level 3.9 Armour
 + Level 6.1 Dodging
 + Level 3.9 Stealth
 + Level 3.9 Shields
 + Level 7.7 Unarmed Combat
 + Level 3.9 Spellcasting
 + Level 3.2 Conjurations
 + Level 3.2 Hexes
 + Level 3.2 Summonings
 + Level 3.2 Necromancy
 + Level 3.2 Translocations
 + Level 3.2 Transmutations
 + Level 3.2 Fire Magic
 + Level 3.2 Ice Magic
 + Level 3.2 Air Magic
 + Level 3.2 Earth Magic
 + Level 3.2 Poison Magic
 + Level 4.2 Invocations
 + Level 3.9 Evocations
 + Level 7.5 Shapeshifting


You had 13 spell levels left.
You knew the following spells:

 Your Spells              Type           Power      Damage    Failure   Level
a - Wereblood             Tmut           9%         N/A       4%          2

Your spell library contained the following spells:

 Spells                   Type           Power      Damage    Failure   Level
 Sublimation of Blood     Necr           9%         N/A       4%          2
 Inner Flame              Hex/Fire       9%         N/A       8%          3
 Flame Wave               Conj/Fire      9%         2d6       26%         4
 Sticky Flame             Conj/Fire      9%         2d3       26%         4
 Summon Hydra             Summ           4%         N/A       100%        7


Dungeon Overview and Level Annotations

Branches:
Dungeon (7/15)             Temple (0/1) D:7

Altars:
Elyvilon
Gozag
Okawaru
Uskayaw
Wu Jian

Shops:
D:1 (

Portals:
Bailey: D:7

Annotations:
D:7 Joseph


Innate Abilities, Weirdness & Mutations

You are something dangerously unstable.
You glow with magical radiation, making you easy to see and hit.
Foes you strike become dangerously contaminated with magical radiation.
You are incapable of wielding weapons or throwing items.
You have very sharp teeth.
Your uncanny sense of smell can sniff out nearby items.
Your experience applies equally to all skills.


Message History

Joseph, a Mercenary comes into view.
He is wielding a +1 spectral quarterstaff.
Things that are here:
a +0 dagger; a +0 robe; a +0 whip
As you read the scroll of revelation, it crumbles to dust.
You feel aware of your surroundings.
You sensed 1 altar, and 1 shop/portal.
Joseph says, "Coming here was your last mistake."
Joseph unwields a +1 spectral quarterstaff.
Joseph wields a +0 sling.
Joseph shoots a sling bullet.
The sling bullet closely misses you.
Unknown command.
Okay, then.
Unknown command.
Okay, then.
Unknown command.
Joseph shoots a sling bullet.
The sling bullet closely misses you.
Joseph says, "No trespassing is allowed here."
Joseph shoots a sling bullet.
The sling bullet hits you!
Found a spear.
A white imp comes into view.
Joseph shoots a sling bullet.
The sling bullet completely misses you.
Found two spears.
Found a flagged portal.
You lunge at Joseph.
You punch Joseph!
Joseph begins to glow.
Joseph is lightly wounded.
Joseph unwields a +0 sling.
Joseph wields a +1 spectral quarterstaff.
Joseph barely misses you. The +1 spectral quarterstaff hits you.
A +1 spectral quarterstaff comes into view.
You spin and attack Joseph.
You barely miss Joseph.
Joseph is lightly wounded.
You spin and attack the +1 spectral quarterstaff.
You hit the +1 spectral quarterstaff but do no damage.
The +1 spectral quarterstaff begins to glow.
Joseph hits you with a +1 spectral quarterstaff!
The +1 spectral quarterstaff hits you!
* * * LOW HITPOINT WARNING * * *
You feel better. The +1 spectral quarterstaff hits you!
* * * LOW HITPOINT WARNING * * *
The +1 spectral quarterstaff completely misses you.
Joseph barely misses you. The +1 spectral quarterstaff hits you!
You die...

,*,**,,,,,,,,,,,,,,,,,,*,,* *,,
,,,**,,,,.)∩)..*********,,* ****
,,,**,,,...)...# *,,****,,,
,,,**,,,...5...# *,,,,**,,,
,,,******#.#...#### **,*,**,,,
,,**######........# *,*,**,,,
,,*#########......######*,*,**,,,
,,*#########...(@.......,,*,**,,,
,,*#########....p.#*,,,****,**,,,
*,*#########......#*,,,* *,,,*,*
*,*#########......#*,,,* ***,*,*
*,*##.............#*,,,* *,*+*
*,*##.###......####*,,,******,,,,
,,*##.###.)....####*,,,,,,*,,,,,,
,,###.###.).)..####*,,,**,**,*,,,
_,#............####*,,,**,,,,,,,,
,,#............####*,,,*******,,,


You could see Joseph (contam), a +1 spectral quarterstaff (contam) and a white
imp.

Vanquished Creatures
  An ice beast (D:5)
  2 orc warriors
  3 ogres
  A centaur (D:6)
  A phantom (D:5)
  2 bullfrogs (D:6)
  A kobold brigand (D:5)
  4 scorpions
  A jelly (D:6)
  4 hounds
  An orc priest (D:3)
  A sleepcap (D:5)
  An iguana (D:5)
  4 orc wizards
  8 gnolls
  7 adders
  A worm (D:3)
  The ghost of Skryme the Sneak, a weakling OpDe (D:5)
  3 dart slugs (D:1)
  21 orcs
  4 endoplasms
  A giant cockroach (D:1)
  4 goblins
  12 hobgoblins
  2 jackals (D:3)
  11 kobolds
  2 quokkas
  9 ball pythons
  3 bats
  5 frilled lizards
  6 rats
127 creatures vanquished.

Notes
Turn   | Place    | Note
-------+----------+-------------------------------------------
     0 | D:1      | jlumianski the Gnoll Shapeshifter began the quest for the
                  | Orb.
     0 | D:1      | Reached XP level 1. HP: 17/17 MP: 1/1
    83 | D:2      | Reached XP level 2. HP: 23/23 MP: 2/2
   166 | D:1      | Reached XP level 3. HP: 13/28 MP: 3/3
   256 | D:1      | Reached skill level 1 in Invocations
   648 | D:1      | Found Tedwinasm's Antique Weapon Shoppe.
   739 | D:1      | Reached skill level 1 in Short Blades
   739 | D:1      | Reached skill level 1 in Long Blades
   739 | D:1      | Reached skill level 1 in Axes
   739 | D:1      | Reached skill level 1 in Maces & Flails
   739 | D:1      | Reached skill level 1 in Polearms
   739 | D:1      | Reached skill level 1 in Staves
   739 | D:1      | Reached skill level 1 in Ranged Weapons
   739 | D:1      | Reached skill level 1 in Throwing
   739 | D:1      | Reached skill level 1 in Armour
   739 | D:1      | Reached skill level 1 in Stealth
   739 | D:1      | Reached skill level 1 in Shields
   739 | D:1      | Reached skill level 1 in Spellcasting
   739 | D:1      | Reached skill level 1 in Evocations
   922 | D:1      | Found a faded altar of an unknown god.
   978 | D:2      | Reached XP level 4. HP: 34/34 MP: 5/5
  1202 | D:2      | Reached skill level 1 in Conjurations
  1202 | D:2      | Reached skill level 1 in Hexes
  1202 | D:2      | Reached skill level 1 in Summonings
  1202 | D:2      | Reached skill level 1 in Necromancy
  1202 | D:2      | Reached skill level 1 in Translocations
  1202 | D:2      | Reached skill level 1 in Transmutations
  1202 | D:2      | Reached skill level 1 in Fire Magic
  1202 | D:2      | Reached skill level 1 in Ice Magic
  1202 | D:2      | Reached skill level 1 in Air Magic
  1202 | D:2      | Reached skill level 1 in Earth Magic
  1202 | D:2      | Reached skill level 1 in Poison Magic
  1275 | D:3      | Noticed a scorpion
  1281 | D:3      | Killed a scorpion
  1282 | D:3      | Reached XP level 5. HP: 26/41 MP: 5/7
  1570 | D:3      | Found an ornate altar of the Wu Jian Council.
  1644 | D:3      | Became a worshipper of the Wu Jian Council
  1804 | D:3      | Found an iron altar of Okawaru.
  1804 | D:3      | Found a white marble altar of Elyvilon.
  1805 | D:3      | Found an opulent altar of Gozag.
  1805 | D:3      | Found a hide-covered altar of Uskayaw.
  1818 | D:3      | Reached XP level 6. HP: 44/47 MP: 8/8
  2370 | D:4      | Noticed an orc warrior
  2380 | D:4      | Killed an orc warrior
  2381 | D:4      | Reached skill level 5 in Dodging
  2384 | D:4      | Reached * piety under Wu Jian
  2434 | D:5      | Entered Level 5 of the Dungeon
  2517 | D:5      | Reached XP level 7. HP: 43/52 MP: 10/10
  3346 | D:4      | Learned a level 2 spell: Wereblood
  3356 | D:5      | Reached XP level 8. HP: 60/60 MP: 9/12
  3715 | D:5      | Found a large runed translucent door.
  3715 | D:5      | Found a large runed translucent door.
  3734 | D:5      | Noticed Skryme's ghost (weakling OpDe)
  3878 | D:5      | Killed Skryme's ghost
  4273 | D:6      | Reached ** piety under Wu Jian
  5211 | D:6      | Reached XP level 9. HP: 46/66 MP: 14/14
  5320 | D:7      | Noticed Joseph
  5326 | D:7      | Found a flagged portal.
  5328 | D:7      | Mangled by a +1 spectral quarterstaff

Illustrated notes

Levels and vault maps discovered:
D:1:      dpeg_arrival_fog, layout_loops_ring, shapermc_ecumenical_altar_petra,
          serial_shops, shop
D:2:      layout_rooms
D:3:      layout_basic, nzn_wu_jian_contemplation,
          chequers_temple_overflow_statue_of_worship, grunt_ministairs_5,
          minmay_between
D:4:      cheibrodos_quashed, layout_rooms
D:5:      layout_rooms, ebering_ghost_disaster_area, hex_tiny
D:6:      nicolae_BIG_FREAKIN_CUBE, layout_loops_ring,
          ebering_dispersal_statue_hall
D:7:      layout_basic, mainiacjoe_overflow_boulevard,
          minmay_temple_entry_sparse_star, enter_bailey_2, uniq_pikel,
          uniq_joseph

Skill      XL: |  1  2  3  4  5  6  7  8 |
---------------+-------------------------+-----
Invocations    | 1 2 3 4 |  4.2
Short Blades   | 1 2 3 |  3.9
Long Blades    | 1 2 3 |  3.9
Axes           | 1 2 3 |  3.9
Maces & Flails | 1 2 3 |  3.9
Polearms       | 1 2 3 |  3.9
Staves         | 1 2 3 |  3.9
Ranged Weapons | 1 2 3 |  3.9
Throwing       | 1 2 3 |  3.9
Armour         | 1 2 3 |  3.9
Stealth        | 1 2 3 |  3.9
Shields        | 1 2 3 |  3.9
Spellcasting   | 1 2 3 |  3.9
Evocations     | 1 2 3 |  3.9
Conjurations   | 1 2 3 |  3.2
Hexes          | 1 2 3 |  3.2
Summonings     | 1 2 3 |  3.2
Necromancy     | 1 2 3 |  3.2
Translocations | 1 2 3 |  3.2
Transmutations | 1 2 3 |  3.2
Fire Magic     | 1 2 3 |  3.2
Ice Magic      | 1 2 3 |  3.2
Air Magic      | 1 2 3 |  3.2
Earth Magic    | 1 2 3 |  3.2
Poison Magic   | 1 2 3 |  3.2
Fighting       | 3 4 |  4.7
Dodging        | 5 6 |  6.1
Unarmed Combat | 7 |  7.7
Shapeshifting  | 7 |  7.5

Action                     |  1- 3 |  4- 6 |  7- 9 || total
---------------------------+-------+-------+-------++-------
  Melee: Unarmed           |    64 |    99 |   220 ||   383
         Bite              |     6 |    13 |    29 ||    48
         Punch             |     3 |     5 |       ||     8
Ability: Lunge             |       |    15 |    27 ||    42
         Wall Jump         |       |       |    15 ||    15
         Whirlwind         |       |       |    15 ||    15
  Evoke: Wand              |       |       |     1 ||     1
    Use: Scroll            |     2 |       |     8 ||    10
         Potion            |       |     4 |     2 ||     6
   Stab: Sleeping          |       |       |     1 ||     1
 Armour: Animal skin       |    18 |       |       ||    18
         Leather armour    |     3 |    21 |       ||    24
         Skin              |       |     2 |    69 ||    71
         Chain mail        |       |    33 |     2 ||    35
  Dodge: Dodged            |    39 |    42 |   143 ||   224
  Block: Kite shield       |       |     6 |     1 ||     7
   Form: Flux              |       |       |     2 ||     2
                           |       |       |     1 ||     1

Table legend: (Time is in decaauts)
 A = Elapsed time spent in this place.
 B = Non-inter-level travel time spent in this place.
 C = Inter-level travel time spent in this place.
 D = Time resting spent in this place.
 E = Time spent auto-exploring this place.
 F = Levels seen in this place.
 G = Mean time per level.
                   A        B        C        D        E       F      G
               +--------+--------+--------+--------+--------+-----+--------+
         Total |   5336 |   5223 |    113 |   1113 |   2286 |   7 |  762.3 |
       Dungeon |   5336 |   5223 |    113 |   1113 |   2286 |   7 |  762.3 |
               +--------+--------+--------+--------+--------+-----+--------+

Top non-repeatable levels by time:
     D:5: 1401 daAuts
     D:3: 1022 daAuts
     D:1: 871 daAuts
     D:4: 815 daAuts
     D:6: 762 daAuts
     D:2: 383 daAuts
     D:7: 80 daAuts
